UAA
REMSEN ALPHAS @ GURDON PELICANS
08/09/2017
 
TOP OF THE 1ST
Remsen Alphas batting - Pitching for Gurdon Pelicans : RHP Luis Fernández
Pitching: RHP Luis Fernández
Batting: SHB Ed Garner 0-0: Fly out, F8 (Flyball, 8RM)
Batting: RHB Steve Robinson 0-0: Ball
1-0: Called Strike
1-1: Ball
2-1: Foul Ball, location: 2F
2-2: SINGLE (Line Drive, 9S)
Batting: SHB Todd Hill 0-0: Ball
1-0: Ball
2-0: Foul Ball, location: 2F
2-1: Grounds out, U3 (Groundball, 3L)
Batting: RHB Bryan Wilson 0-0: Ball
1-0: Ball
2-0: Ground out U3 (Groundball, 3L)
Top of the 1st over - 0 run(s), 1 hit(s), 0 error(s), 1 left on base; Remsen 0 - Gurdon 0
BOTTOM OF THE 1ST
Gurdon Pelicans batting - Pitching for Remsen Alphas : RHP Jamal Coates
Pitching: RHP Jamal Coates
Batting: RHB Jim Unknown 0-0: Ball
1-0: Swinging Strike
1-1: Foul Ball, location: 2F
1-2: Strikes out swinging
Batting: RHB Jim Unknown 0-0: Fly out, F8 (Flyball, 8LM)
Batting: RHB Joseph Pate 0-0: Called Strike
0-1: Swinging Strike
0-2: Ball
1-2: Strikes out swinging
Bottom of the 1st over - 0 run(s), 0 hit(s), 0 error(s), 0 left on base; Remsen 0 - Gurdon 0
TOP OF THE 2ND
Remsen Alphas batting - Pitching for Gurdon Pelicans : RHP Luis Fernández
Batting: LHB Carlton Little 0-0: Called Strike
0-1: Ball
1-1: Foul Ball, location: 2F
1-2: Fly out, F9 (Flyball, 9LM)
Batting: RHB Keith Blackwell 0-0: SINGLE (Line Drive, 6MD)
Batting: RHB Carlos Caraballo 0-0: Ball
Keith Blackwell steals 2nd base
1-0: Fly out, F9 (Line Drive, 89M)
Batting: RHB Hank Wilder 0-0: Ball
1-0: Foul Ball, location: 2F
1-1: Ground out 5-3 (Groundball, 15S)
Top of the 2nd over - 0 run(s), 1 hit(s), 0 error(s), 1 left on base; Remsen 0 - Gurdon 0
BOTTOM OF THE 2ND
Gurdon Pelicans batting - Pitching for Remsen Alphas : RHP Jamal Coates
Batting: SHB Jim Unknown 0-0: Ball
1-0: Called Strike
1-1: Fly out, F7 (Flyball, 78M)
Batting: RHB Jim Unknown 0-0: Ball
1-0: Foul Ball, location: 2F
1-1: Swinging Strike
1-2: Ball
2-2: DOUBLE (Flyball, 78XD)
Batting: RHB Randy Gregory 0-0: Called Strike
0-1: Ball
1-1: Ball
2-1: Ball
3-1: Fly out, F8 (Flyball, 8RM)
Batting: RHB Jim Unknown 0-0: Foul Ball, location: 2F
0-1: Foul Ball, location: 2F
0-2: Ball
1-2: Ball
2-2: Ground out 4-3 (Groundball, 4)
Bottom of the 2nd over - 0 run(s), 1 hit(s), 0 error(s), 1 left on base; Remsen 0 - Gurdon 0
TOP OF THE 3RD
Remsen Alphas batting - Pitching for Gurdon Pelicans : RHP Luis Fernández
Batting: LHB Jerry Mitchell 0-0: Swinging Strike
0-1: Foul Ball, location: 2F
0-2: Foul Ball, location: 2F
0-2: Ball
1-2: Foul Ball, location: 2F
1-2: Ball
2-2: Ball
3-2: Foul Ball, location: 2F
3-2: Base on Balls
Batting: SHB Ed Garner 0-0: Called Strike
0-1: Fly out, F8 (Flyball, 8LM)
Batting: RHB Steve Robinson 0-0: Ball
1-0: Called Strike
1-1: Grounds into double play, 4-6-3 (Groundball, 4)
Top of the 3rd over - 0 run(s), 0 hit(s), 0 error(s), 0 left on base; Remsen 0 - Gurdon 0
BOTTOM OF THE 3RD
Gurdon Pelicans batting - Pitching for Remsen Alphas : RHP Jamal Coates
Batting: RHB Jim Unknown 0-0: Called Strike
0-1: Ball
1-1: Ball
2-1: Ball
3-1: Called Strike
3-2: Foul Ball, location: 2F
3-2: Base on Balls
Batting: RHB Jim Unknown 0-0: Called Strike
0-1: Called Strike
0-2: SINGLE (Line Drive, 7S)
Jim Unknown to second
Batting: RHB Jim Unknown 0-0: Ball
1-0: Ball
2-0: Ball
3-0: Called Strike
3-1: Foul Ball, location: 2F
3-2: Foul Ball, location: 2F
3-2: Base on Balls
Jim Unknown to third
Jim Unknown to second
Batting: RHB Jim Unknown 0-0: Swinging Strike
0-1: Ball
1-1: GRAND SLAM HOME RUN (Flyball, 78XD), Distance : 423 ft
Batting: RHB Joseph Pate 0-0: Ball
1-0: Ground out 5-3 (Groundball, 5S)
Batting: SHB Jim Unknown 0-0: Ground out 5-3 (Groundball, 56)
Batting: RHB Jim Unknown 0-0: Called Strike
0-1: Ball
1-1: Foul Ball, location: 2F
1-2: TRIPLE (Flyball, 78D)
Batting: RHB Randy Gregory 0-0: Foul Ball, location: 2F
0-1: Ball
1-1: Ball
2-1: Ball
3-1: Base on Balls
Batting: RHB Jim Unknown 0-0: Ball
1-0: Ball
2-0: Ball
3-0: Called Strike
3-1: SINGLE (Line Drive, 9LM)
Jim Unknown scores
Randy Gregory to second
Pitching: RHP Ramakota Yamni
Batting: RHB Jim Unknown 0-0: Ball
1-0: Called Strike
1-1: Foul Ball, location: 2F
1-2: Foul Ball, location: 2F
1-2: Foul Ball, location: 2F
1-2: Ball
2-2: Strikes out swinging
Bottom of the 3rd over - 5 run(s), 4 hit(s), 0 error(s), 2 left on base; Remsen 0 - Gurdon 5
TOP OF THE 4TH
Remsen Alphas batting - Pitching for Gurdon Pelicans : RHP Luis Fernández
Batting: SHB Todd Hill 0-0: Foul Ball, location: 2F
0-1: Ball
1-1: Ball
2-1: Ball
3-1: Base on Balls
Batting: RHB Bryan Wilson 0-0: Ball
1-0: Called Strike
1-1: Foul Ball, location: 2F
1-2: Ball
2-2: Strikes out swinging
Batting: LHB Carlton Little 0-0: Called Strike
0-1: Ball
1-1: Ball
2-1: Swinging Strike
2-2: Strikes out swinging
Batting: RHB Keith Blackwell 0-0: Called Strike
0-1: Ball
1-1: Ball
2-1: Foul Ball, location: 2F
2-2: Foul Ball, location: 2F
2-2: Fielders Choice at 2nd, 6-4 (Groundball, 6)
Top of the 4th over - 0 run(s), 0 hit(s), 0 error(s), 0 left on base; Remsen 0 - Gurdon 5
BOTTOM OF THE 4TH
Gurdon Pelicans batting - Pitching for Remsen Alphas : RHP Ramakota Yamni
Batting: RHB Jim Unknown 0-0: Ball
1-0: Foul Ball, location: 2F
1-1: Fly out, F4 (Popup, 4M)
Batting: RHB Jim Unknown 0-0: Called Strike
0-1: Foul Ball, location: 2F
0-2: Ball
1-2: Foul Ball, location: 2F
1-2: Ground out 6-3 (Groundball, 6M)
Batting: RHB Jim Unknown 0-0: Ball
1-0: Ball
2-0: Foul Ball, location: 2F
2-1: Foul Ball, location: 2F
2-2: Ball
3-2: Fly out, F6 (Popup, 6)
Bottom of the 4th over - 0 run(s), 0 hit(s), 0 error(s), 0 left on base; Remsen 0 - Gurdon 5
TOP OF THE 5TH
Remsen Alphas batting - Pitching for Gurdon Pelicans : RHP Luis Fernández
Batting: RHB Carlos Caraballo 0-0: Ball
1-0: Swinging Strike
1-1: Ground out 4-3 (Groundball, 4)
Batting: RHB Hank Wilder 0-0: Ball
1-0: Ball
2-0: Swinging Strike
2-1: Ground out 6-3 (Groundball, 6)
Batting: LHB Jerry Mitchell 0-0: Called Strike
0-1: Called Strike
0-2: Fly out, F9 (Flyball, 9M)
Top of the 5th over - 0 run(s), 0 hit(s), 0 error(s), 0 left on base; Remsen 0 - Gurdon 5
BOTTOM OF THE 5TH
Gurdon Pelicans batting - Pitching for Remsen Alphas : RHP Ramakota Yamni
Batting: RHB Joseph Pate 0-0: Called Strike
0-1: SINGLE (Groundball, 34D)
Batting: SHB Jim Unknown 0-0: Ball
1-0: Fly out, F3 (Popup, 2R)
Batting: RHB Jim Unknown 0-0: Called Strike
0-1: Foul Ball, location: 2F
0-2: Ball
1-2: 2-RUN HOME RUN (Flyball, 7D), Distance : 400 ft
Batting: RHB Randy Gregory 0-0: Fly out, F9 (Flyball, 89M)
Batting: RHB Jim Unknown 0-0: Called Strike
0-1: Swinging Strike
0-2: Foul Ball, location: 2F
0-2: Ball
1-2: Strikes out swinging
Bottom of the 5th over - 2 run(s), 2 hit(s), 0 error(s), 0 left on base; Remsen 0 - Gurdon 7
TOP OF THE 6TH
Remsen Alphas batting - Pitching for Gurdon Pelicans : RHP Luis Fernández
Batting: SHB Ed Garner Single, Error in OF, E9, batter to second base
Batting: RHB Steve Robinson 0-0: Ball
1-0: Fly out, F3 (Popup, 3SF)
Batting: SHB Todd Hill 0-0: Called Strike
Ed Garner steals 3rd base
0-1: Ball
1-1: Ball
2-1: Called Strike
2-2: SINGLE (Line Drive, 4D)
Ed Garner scores
Batting: RHB Bryan Wilson 0-0: Ball
1-0: Ball
2-0: Foul Ball, location: 2F
2-1: Ball
3-1: Grounds into double play, 4-6-3 (Groundball, 4)
Top of the 6th over - 1 run(s), 2 hit(s), 1 error(s), 0 left on base; Remsen 1 - Gurdon 7
BOTTOM OF THE 6TH
Gurdon Pelicans batting - Pitching for Remsen Alphas : RHP Ramakota Yamni
Pitching: RHP Craig Evans
Batting: RHB Jim Unknown 0-0: Fly out, F7 (Flyball, 78M)
Batting: RHB Jim Unknown 0-0: Called Strike
0-1: Ball
1-1: Called Strike
1-2: Strikes out swinging
Batting: RHB Jim Unknown 0-0: Ball
1-0: Ground out 6-3 (Groundball, 6M)
Bottom of the 6th over - 0 run(s), 0 hit(s), 0 error(s), 0 left on base; Remsen 1 - Gurdon 7
TOP OF THE 7TH
Remsen Alphas batting - Pitching for Gurdon Pelicans : RHP Luis Fernández
Batting: LHB Carlton Little 0-0: Foul Ball, location: 2F
0-1: Swinging Strike
0-2: Ball
1-2: Strikes out swinging
Batting: RHB Keith Blackwell 0-0: Called Strike
0-1: Ball
1-1: Called Strike
1-2: Foul Ball, location: 2F
1-2: Ball
2-2: Hit by Pitch
Pitching: RHP Michael Swanson
Batting: RHB Carlos Caraballo 0-0: Called Strike
0-1: Ball
1-1: Foul Ball, location: 2F
1-2: SINGLE (Line Drive, 3)
Keith Blackwell to second
Batting: RHB Hank Wilder 0-0: Ball
1-0: Ball
2-0: Called Strike
2-1: Foul Ball, location: 2F
2-2: Grounds into double play, 6-4-3 (Groundball, 6)
Top of the 7th over - 0 run(s), 1 hit(s), 0 error(s), 1 left on base; Remsen 1 - Gurdon 7
BOTTOM OF THE 7TH
Gurdon Pelicans batting - Pitching for Remsen Alphas : RHP Craig Evans
Batting: RHB Jim Unknown 0-0: Called Strike
0-1: Foul Ball, location: 2F
0-2: Foul Ball, location: 2F
0-2: Ball
1-2: Ball
2-2: Foul Ball, location: 2F
2-2: Foul Ball, location: 2F
2-2: Ball
3-2: Foul Ball, location: 2F
3-2: Ground out 5-3 (Groundball, 56)
Batting: RHB Joseph Pate 0-0: Ball
1-0: Foul Ball, location: 2F
1-1: Ball
2-1: Ball
3-1: Called Strike
3-2: Foul Ball, location: 2F
3-2: SINGLE (Line Drive, 56D)
Batting: SHB Jim Unknown 0-0: Ball
1-0: Ball
2-0: Foul Ball, location: 2F
2-1: Foul Ball, location: 2F
2-2: DOUBLE (Flyball, 8LM)
Joseph Pate to third
Runner from 3rd tries for Home, throw and OUT!
Batting: RHB Jim Unknown 0-0: SINGLE (Flyball, 78S)
Jim Unknown to third
Runner from 3rd tries for Home, SAFE, no throw or cutoff
Batting: RHB Randy Gregory 0-0: Ball
1-0: Fielders Choice at 2nd, 5-4 (Groundball, 56)
Bottom of the 7th over - 1 run(s), 3 hit(s), 0 error(s), 0 left on base; Remsen 1 - Gurdon 8
TOP OF THE 8TH
Remsen Alphas batting - Pitching for Gurdon Pelicans : RHP Michael Swanson
Batting: LHB Jerry Mitchell 0-0: SINGLE (Flyball, 8RS)
Batting: SHB Ed Garner 0-0: Fly out, F8 (Flyball, 8LM)
Batting: RHB Steve Robinson 0-0: Ball
1-0: Swinging Strike
1-1: Foul Ball, location: 2F
1-2: Strikes out swinging
Batting: SHB Todd Hill 0-0: Fly out, F9 (Flyball, 9S)
Top of the 8th over - 0 run(s), 1 hit(s), 0 error(s), 1 left on base; Remsen 1 - Gurdon 8
BOTTOM OF THE 8TH
Gurdon Pelicans batting - Pitching for Remsen Alphas : RHP Craig Evans
Pitching: LHP Richard Holmes
Batting: RHB Jim Unknown 0-0: Called Strike
0-1: Ball
1-1: Called Strike
1-2: Ball
2-2: SINGLE (Groundball, 5D)
Batting: RHB Jim Unknown 0-0: Ball
1-0: Ball
2-0: Called Strike
2-1: Swinging Strike
2-2: Foul Ball, location: 2F
2-2: Grounds into double play, 6-4-3 (Groundball, 6)
Batting: RHB Jim Unknown 0-0: Ball
1-0: Swinging Strike
1-1: Foul Ball, location: 2F
1-2: Ball
2-2: Foul Ball, location: 2F
2-2: Ball
3-2: DOUBLE (Line Drive, 8LM)
Batting: RHB Jim Unknown 0-0: Ball
1-0: Ground out 5-3 (Groundball, 5S)
Bottom of the 8th over - 0 run(s), 2 hit(s), 0 error(s), 1 left on base; Remsen 1 - Gurdon 8
TOP OF THE 9TH
Remsen Alphas batting - Pitching for Gurdon Pelicans : RHP Michael Swanson
Batting: RHB Bryan Wilson 0-0: Ball
1-0: Ball
2-0: Swinging Strike
2-1: Foul Ball, location: 2F
2-2: Strikes out swinging
Batting: LHB Carlton Little 0-0: Ball
1-0: Foul Ball, location: 2F
1-1: Ground out 4-3 (Groundball, 34)
Batting: RHB Keith Blackwell 0-0: Ball
1-0: Ball
2-0: Ball
3-0: Base on Balls
Batting: RHB Carlos Caraballo
Pinch Hitting: LHB Jim Unknown 0-0: Ball
1-0: Ball
2-0: Swinging Strike
2-1: Foul Ball, location: 2F
2-2: Strikes out swinging
Top of the 9th over - 0 run(s), 0 hit(s), 0 error(s), 1 left on base; Remsen 1 - Gurdon 8
This league is powered by Out of the Park Baseball, the baseball management simulation game for PC, Mac and Linux
Saturday, February 27th, 2021 - OOTP Baseball 15.6 Build 34